 Dungeon Crawl Stone Soup version 0.27-a0-1193-g8631133539 (webtiles) character file.

Game seed: 2582515048989642172

51 robertstho the Skirmisher (level 3, -1/33 HPs)
             Began as a Draconian Berserker on May 26, 2021.
             Was a Follower of Trog.
             Slain by an adder (2 damage)
             ... on level 2 of the Dungeon.
             The game lasted 00:01:04 (1466 turns).

robertstho the Skirmisher (Draconian Berserker)     Turns: 1466, Time: 00:01:05

Health: -1/33      AC:  5    Str: 20    XL:     3   Next: 57%
Magic:  3/3        EV:  9    Int:  7    God:    Trog [*.....]
Gold:   55         SH:  0    Dex: 10    Spells: 2/2 levels left

rFire    x . .     SeeInvis .   a - +0 spear
rCold    + . .     Faith    .   (no shield)
rNeg     . . .     Spirit   .   (armour unavailable)
rPois    .         Reflect  .   (helmet restricted)
rElec    .         Harm     .   (no cloak)
rCorr    .         Rampage  .   (no gloves)
Will     .....                  (no boots)
Stlth    +.........             (no amulet)
HPRegen  0.11/turn              b - ring of ice
MPRegen  0.08/turn              (no ring)

@: lethally poisoned (-1 -> -5), on berserk cooldown, slowed, constricted, very
slow
A: AC +5, unfitting armour, cold-blooded
a: Renounce Religion, Berserk


You were on level 2 of the Dungeon.
You worshipped Trog.
Trog was aware of your devotion.
You visited 1 branch of the dungeon, and saw 2 of its levels.

You collected 55 gold pieces.

Inventory:

Hand Weapons
 a - a +0 spear (weapon)
Jewellery
 b - a ring of ice (left hand)
Scrolls
 c - a scroll of vulnerability {unknown}
 d - 2 scrolls of identify {unknown}
 e - a scroll of brand weapon {unknown}
 f - a scroll of enchant weapon {unknown}
 g - a scroll of blinking {unknown}


   Skills:
 * Level 4.0 Fighting
 + Level 3.4 Polearms
 * Level 3.4 Dodging
 + Level 0.1 Stealth


You had 2 spell levels left.
You didn't know any spells.
Your spell library was empty.

Dungeon Overview and Level Annotations

Branches:
Dungeon (2/15)

Altars:


Innate Abilities, Weirdness & Mutations

Your plain brown scales are hard. (AC +5)
You cannot fit into any form of body armour.
You are cold-blooded and may be slowed by cold attacks.


Message History

You see here an adder corpse.
A ball python comes into view.
Found a leather armour, 14 arrows and a club.
You enter the shallow water.
Moving in this stuff is going to be slow.
You feel your anger nearly subside.
You feel sick.
The ball python hisses angrily.
The adder bites you.
* * * LOW HITPOINT WARNING * * *
The adder bites you but does no damage.
You completely miss the adder.
You feel sick. The adder closely misses you.
Unknown command.
You closely miss the adder.
You feel sick.
Unknown command.
Your unstable footing causes you to fumble your attack.
The adder bites you.
* * * LOW HITPOINT WARNING * * *
You are more poisoned.
The adder poisons you!
Unknown command.
You puncture the adder!
The adder is almost dead.
You feel sick. The adder completely misses you.
Unknown command.
Your unstable footing causes you to fumble your attack.
You are no longer berserk.
You are exhausted.
You feel yourself slow down.
* * * LOW HITPOINT WARNING * * *
You feel sick. The adder closely misses you. The ball python barely misses you.
The ball python grabs you. The ball python constricts you.
You closely miss the adder.
The adder is almost dead.
* * * LOW HITPOINT WARNING * * *
You feel sick. The adder bites you.
* * * LOW HITPOINT WARNING * * *
The ball python bites you but does no damage.
The ball python constricts you. The adder bites you.
You die...

#.............
#.#..###<##..#...
#.^ #..# #.#...
###.#####.##
#.#... .##
...##....# #.#...
.... #.##.####
#..... .....
##..#.# ###..†
.##.≈.#.≈≈.≈##
#...
...≈..S@♣†.≈≈###
##...
#.....S♣g≈.≈...#
##....
...≈.≈≈≈♣.≈.≈..#
#.....
#..≈≈≈≈≈..≈♣...#
#.....
#..≈≈≈≈..≈≈≈≈..#
#.....
#..≈≈≈≈≈≈.≈≈≈..#
#.....
#....≈.≈..≈≈...#
#.....
#......♣.≈≈.≈..#
#..... )(..[.
..≈#### ##....


You could see an adder, a hobgoblin and a ball python.

Vanquished Creatures
  2 adders (D:2)
  2 worms (D:2)
  A dart slug (D:1)
  3 ball pythons
  2 bats
  An endoplasm (D:2)
  4 giant cockroaches
  3 jackals (D:2)
  A quokka (D:1)
  A frilled lizard (D:1)
  2 kobolds
  3 rats
25 creatures vanquished.

Notes
Turn   | Place    | Note
-------+----------+-------------------------------------------
     0 | D:1      | robertstho the Draconian Berserker began the quest for the
                  | Orb.
     0 | D:1      | Reached XP level 1. HP: 19/19 MP: 1/1
   631 | D:1      | Reached XP level 2. HP: 25/26 MP: 2/2
  1301 | D:2      | Reached XP level 3. HP: 26/33 MP: 3/3
  1457 | D:2      | Reached skill level 4 in Fighting
  1466 | D:2      | HP: 1/33 [adder (3)]
  1466 | D:2      | Slain by an adder

Illustrated notes

Levels and vault maps discovered:
D:1:      scummos_arrival_simple_crosswalls, layout_basic, minmay_tetromino_t4
D:2:      layout_rooms, chequers_serial_rivers_marsh, uniq_robin

Skill      XL: |  1  2  3 |
---------------+----------+-----
Dodging        | 3 |  3.4
Fighting       | 4 |  4.0
Polearms       | |  3.4
Stealth        | |  0.1

Action                   || total
-------------------------++-------
Melee: Spear             ||    91
       Tailslap          ||     8
Invok: Berserk           ||     4
 Stab: Sleeping          ||     1
Armor: Skin              ||    25
Dodge: Dodged            ||    64

Table legend: (Time is in decaauts)
 A = Elapsed time spent in this place.
 B = Non-inter-level travel time spent in this place.
 C = Inter-level travel time spent in this place.
 D = Time resting spent in this place.
 E = Time spent auto-exploring this place.
 F = Levels seen in this place.
 G = Mean time per level.
                   A        B        C        D        E       F      G
               +--------+--------+--------+--------+--------+-----+--------+
         Total |   1486 |   1474 |     12 |    325 |    972 |   2 |  743.0 |
       Dungeon |   1486 |   1474 |     12 |    325 |    972 |   2 |  743.0 |
               +--------+--------+--------+--------+--------+-----+--------+

Top non-repeatable levels by time:
     D:1: 1209 daAuts
     D:2: 276 daAuts
